 Dungeon Crawl Stone Soup version 0.32-a0-699-g1ee5eff69a (webtiles) character file.

Game seed: 8271807579064622562

728 BeKind the Chiller (level 7, -10/70 HPs)
             Began as an Octopode Ice Elementalist on Mar 13, 2024.
             Was a Believer of Okawaru.
             Mangled by a troll (12 damage)
             ... on level 6 of the Dungeon.
             The game lasted 00:06:22 (3521 turns).

BeKind the Chiller (Octopode Ice Elementalist)      Turns: 3521, Time: 00:06:22

Health: -10/70     AC:  1    Str:  8    XL:     7   Next: 72%
Magic:  12/12      EV: 13    Int: 19    God:    Okawaru [**....]
Gold:   231        SH:  0    Dex: 12    Spells: 6/13 levels left

rFire   . . .        q - +0 spear
rCold   + . .        (no shield)
rNeg    . . .        (helmet restricted)
rPois   .            v - amulet of magic regeneration
rElec   .            s - ring of protection from cold
rCorr   .            (no ring)
SInv    .            (no ring)
Will    .....        (no ring) Stlth
                     (no ring)
HPRegen 0.31/turn    (no ring)
MPRegen 0.53/turn    (no ring)
                     (no ring)

%: no passive effects
@: berserking (expiring), attractive, very quick
A: almost no armour, amphibious, 8 rings, camouflage 1, gelatinous body 1,
(nimble swimmer 1), tentacles
a: Renounce Religion, Heroism


You were on level 6 of the Dungeon.
You worshipped Okawaru.
Okawaru was pleased with you.
You visited 1 branch of the dungeon, and saw 6 of its levels.
You also visited: Sewer.

You collected 231 gold pieces.

Inventory:

Hand Weapons
 b - a +0 dagger
 q - a +0 spear (weapon)
Jewellery
 s - a ring of protection from cold (left tentacle)
 v - an amulet of magic regeneration (around mantle)
 w - a ring of protection from cold
Scrolls
 d - a scroll of vulnerability {unknown}
 e - a scroll of immolation {unknown}
 f - a scroll of teleportation
 g - a scroll of fear {unknown}
 l - a scroll of enchant weapon {unknown}
 m - a scroll of amnesia {unknown}
 n - a scroll of identify {unknown}
 p - a scroll of enchant armour {unknown}
 u - a scroll of fog {unknown}
Potions
 a - a potion of magic
 i - a potion of cancellation
 j - a potion of attraction
 k - a potion of heal wounds
 r - a potion of might {unknown}
 t - 2 potions of haste {unknown}
 x - a potion of mutation {unknown}
 z - a potion of curing {unknown}


   Skills:
 * Level 3.8 Fighting
 * Level 2.3 Polearms
 + Level 5.0 Dodging
 - Level 3.0 Stealth
 + Level 3.7 Spellcasting
 - Level 5.0 Ice Magic


You had 6 spell levels left.
You knew the following spells:

 Your Spells              Type           Power      Damage    Failure   Level
a - Freeze                Ice            88%        1d9       1%          1
b - Frozen Ramparts       Ice            44%        1d7       5%          3
c - Ozocubu's Armour      Ice            22%        N/A       5%          3

Your spell library contained the following spells:

 Spells                   Type           Power      Damage    Failure   Level
 Passage of Golubria      Tloc           3%         N/A       80%         4
 Yara's Violent Unravell  Hex/Alch       1%         3d3       98%         5
 Summon Ice Beast         Ice/Summ       Unusable   N/A       N/A         3
 Tukima's Dance           Hex            Unusable   N/A       N/A         3

Dungeon Overview and Level Annotations

Branches:
Dungeon (7/15)              Sewer (visited)
 Temple: D:4-7

Altars:
Hepliaklqana
Okawaru

Shops:
D:4 ?


Innate Abilities, Weirdness & Mutations

You cannot wear most types of armour.
You are amphibious.
You can wear up to eight rings at the same time.
Your skin changes colour to match your surroundings (Stealth+).
Your rubbery body absorbs attacks. (AC +1, EV +1)
((You are camouflaged when in or above water. (Stealth+)))
You have tentacles for arms and can constrict up to eight enemies at once.


Message History

You float gracefully downwards.
You feel less confused.
Your enlightenment fades.
It was a potion of attraction.
You feel attractive to monsters.
It was a potion of heal wounds.
You feel much better.
It was a potion of berserk rage.
A red film seems to cover your vision as you go berserk!
You feel yourself moving faster!
You feel mighty!
You feel a strong urge to attack something.
You climb upwards.
The troll bites you! The troll claws you! The troll closely misses you.
There is a stone staircase leading down, spattered with blood here.
You hit the troll. You squeeze the troll.
The troll is lightly wounded.
You hit the troll. Your squeeze misses the troll.
The troll is moderately wounded.
The troll misses you. The troll claws you! x2
You are too injured to fight recklessly!
You are too injured to fight recklessly!
You are too injured to fight recklessly!
You are too injured to fight recklessly!
You are too injured to fight recklessly!
You barely miss the troll. Your squeeze misses the troll.
The troll is moderately wounded.
The troll misses you. The troll claws you!
* * * LOW HITPOINT WARNING * * *
The troll barely misses you.
You puncture the troll!
The troll is heavily wounded.
You hit the troll. You squeeze the troll!
The troll is almost dead.
The troll bites you!
* * * LOW HITPOINT WARNING * * *
The troll claws you.
* * * LOW HITPOINT WARNING * * *
The troll claws you but does no damage.
You closely miss the troll.
The troll is almost dead.
The troll barely misses you. The troll claws you!
You die...

### #..
#.# # #.#
#. #.#.#
##..#.#.#
......T.#
.......@#
.....##.#
##. ...
#..#.
.....#
.#..# #
....# .
...#


You could see a troll.

Vanquished Creatures
  2 kobold brigands (Sewer)
  2 brain worms (Sewer)
  A bullfrog (D:4)
  3 hounds
  9 adders
  10 gnolls
  3 river rats (Sewer)
  2 dart slugs
  A ribbon worm (D:1)
  8 orcs
  3 endoplasms
  4 giant cockroaches
  7 goblins
  5 hobgoblins
  5 jackals (Sewer)
  5 quokkas
  8 ball pythons
  3 bats
  4 frilled lizards
  6 kobolds
  14 rats
105 creatures vanquished.

Notes
Turn   | Place    | Note
-------+----------+-------------------------------------------
     0 | D:1      | BeKind the Octopode Ice Elementalist began the quest for
                  | the Orb.
     0 | D:1      | Reached XP level 1. HP: 11/11 MP: 3/3
   208 | D:1      | Reached XP level 2. HP: 17/17 MP: 5/5
   506 | D:1      | Reached XP level 3. HP: 16/21 MP: 6/6
   567 | D:1      | Learned a level 3 spell: Frozen Ramparts
   797 | D:2      | Reached XP level 4. HP: 24/27 MP: 7/7
  1173 | D:2      | Found a faded altar of an unknown god.
  1177 | D:2      | Prayed at the altar of an unknown god.
  1177 | D:2      | Became a worshipper of Warmaster Okawaru
  1177 | D:2      | Reached * piety under Okawaru
  1544 | D:3      | Identified the scarf of Lolycwam {repulsion, rElec rF+}
  1789 | D:2      | Reached XP level 5. HP: 5/32 MP: 6/9
  1967 | D:3      | Found a glowing drain.
  2023 | D:3      | Reached skill level 1 in Fighting
  2069 | Sewer    | Entered a sewer
  2209 | Sewer    | Noticed a kobold brigand
  2219 | Sewer    | Killed a kobold brigand
  2220 | Sewer    | Reached XP level 6. HP: 29/39 MP: 6/10
  2523 | Sewer    | Reached ** piety under Okawaru
  2524 | Sewer    | Reached skill level 5 in Ice Magic
  2705 | Sewer    | Reached XP level 7. HP: 28/46 MP: 12/12
  2820 | D:3      | Found a hazy altar of Hepliaklqana.
  2831 | D:3      | Reached skill level 1 in Polearms
  3086 | D:4      | Learned a level 3 spell: Ozocubu's Armour
  3348 | D:4      | Found Xinoxina's Magic Scroll Emporium.
  3393 | D:4      | You fall into a shaft and drop 3 floors!
  3455 | D:6      | Noticed a troll
  3461 | D:6      | Reached skill level 5 in Dodging
  3520 | D:6      | HP: 2/70 [troll (5)]
  3521 | D:6      | Mangled by a troll

Illustrated notes

Levels and vault maps discovered:
D:1:      dpeg_arrival_shrine, layout_basic
D:2:      layout_rooms, shapermc_ecumenical_altar_hornbeckon,
          grunt_ministairs_15, minmay_tall_x
D:3:      layout_basic, nzn_hepliaklqana_mist_gate, portal_sewer_entry_e
D:4:      layout_gridville, serial_shops, shop, minmay_box_of_dots
D:6:      nicolae_BIG_FREAKIN_CUBE, layout_basic,
          chequers_temple_overflow_statue_of_worship,
          minmay_temple_entry_gardened_gates
D:7:      layout_basic

Skill      XL: |  1  2  3  4  5  6  7 |
---------------+----------------------+-----
Stealth        | 3 |  3.0
Dodging        | 3 4 5 |  5.0
Fighting       | 2 3 |  3.8
Spellcasting   | 3 |  3.7
Ice Magic      | 5 |  5.0
Polearms       | 2 |  2.3

Action                     |  1- 3 |  4- 6 |  7- 9 || total
---------------------------+-------+-------+-------++-------
  Melee: Dagger            |    42 |    40 |       ||    82
         Constrict         |    18 |    31 |    12 ||    61
         Tentacles         |    11 |    28 |    10 ||    49
         Unarmed           |     3 |       |       ||     3
         Spear             |       |    90 |    56 ||   146
   Cast: Freeze            |    12 |     3 |       ||    15
         Frozen Ramparts   |       |     5 |     2 ||     7
    Use: Scroll            |       |     1 |       ||     1
         Potion            |       |       |     6 ||     6
   Stab: Sleeping          |     5 |    12 |     5 ||    22
 Armour: Skin              |    29 |    47 |    29 ||   105
  Dodge: Dodged            |    41 |    39 |    25 ||   105

Table legend: (Time is in decaauts)
 A = Elapsed time spent in this place.
 B = Non-inter-level travel time spent in this place.
 C = Inter-level travel time spent in this place.
 D = Time resting spent in this place.
 E = Time spent auto-exploring this place.
 F = Levels seen in this place.
 G = Mean time per level.
                   A        B        C        D        E       F      G
               +--------+--------+--------+--------+--------+-----+--------+
         Total |   3527 |   3313 |    214 |      0 |   2546 |   7 |  503.9 |
       Dungeon |   2870 |   2656 |    214 |      0 |   2056 |   6 |  478.3 |
         Sewer |    656 |    656 |      0 |      0 |    490 |   1 |  656.0 |
               +--------+--------+--------+--------+--------+-----+--------+

Top non-repeatable levels by time:
     D:3: 1085 daAuts
     D:2: 786 daAuts
   Sewer: 656 daAuts
     D:1: 556 daAuts
     D:4: 316 daAuts
     D:7: 115 daAuts
     D:6: 11 daAuts
